 Dungeon Crawl Stone Soup version 0.31-a0-193-gdfe2569204 (webtiles) character file.

Game seed: 3860355790200816550

93 qw the Shooter (level 4, -1/25 HPs)
             Began as a Deep Elf Hunter on June 23, 2023.
             Slain by a gnoll
             ... wielding a +3 spear
              (7 damage)
             ... on level 3 of the Dungeon.
             The game lasted 00:00:37 (1627 turns).

qw the Shooter (Deep Elf Hunter)                    Turns: 1627, Time: 00:00:38

Health: -1/25      AC:  6    Str: 10    XL:     4   Next: 36%
Magic:  6/6        EV: 11    Int: 14    God:
Gold:   174        SH:  0    Dex: 18    Spells: 3/3 levels left

rFire   . . .        Y - +0 shortbow
rCold   . . .        (shield currently unavailable)
rNeg    . . .        a - +0 ring mail
rPois   .            (no helmet)
rElec   .            f - +0 cloak
rCorr   .            (no gloves)
SInv    .            (no boots)
Will    .....        (no amulet)
Stlth   +            (no ring)
HPRegen 0.24/turn    (no ring)
MPRegen 0.10/turn

%: no passive effects
@: about to teleport
A: no striking features
a: no special abilities


You were on level 3 of the Dungeon.
You visited 1 branch of the dungeon, and saw 3 of its levels.

You collected 174 gold pieces.


   Skills:
 - Level 1.5 Fighting
 + Level 7.8 Ranged Weapons
 - Level 2.4 Dodging
 - Level 1.2 Stealth


You had 3 spell levels left.
You didn't know any spells.
Your spell library was empty.

Inventory:

Hand Weapons
 Y - a +0 shortbow (weapon)
Armour
 a - a +0 ring mail (worn)
 f - a +0 cloak (worn)
Jewellery
 c - a ring of positive energy
Scrolls
 j - a scroll of immolation {unknown}
Potions
 d - 2 potions of might
 e - a potion of degeneration {unknown}
 g - a potion of haste {unknown}
 h - a potion of experience {unknown}
 i - a potion of berserk rage {unknown}

Dungeon Overview and Level Annotations

Branches:
Dungeon (3/15)

Altars:
Qazlal
Trog


Message History

Enter note:
Enter note: You shoot an arrow.
The arrow hits the endoplasm!
You kill the endoplasm!
You now have 174 gold pieces (gained 16).
Found a stone staircase leading up.
Enter note:
Enter note:
Enter note: You open the door.
There is an open door here. 4 gnolls come into view.
The gnoll shouts! x4
Enter note:
Enter note:
Enter note:
Enter note:
Enter note:
Enter note:
1622 ||| Stepping ~*~*~tactically~*~*~ (outnumbered).
The gnoll hits you from afar with a +0 spear.
You shoot an arrow. The arrow hits the gnoll!
The gnoll is almost dead.
The gnoll hits you from afar with a +0 spear.
You shoot an arrow. The arrow hits the gnoll!
You kill the gnoll!
The gnoll hits you from afar with a +3 spear.
You shoot an arrow. The arrow hits the gnoll.
The gnoll is moderately wounded.
The gnoll hits you from afar with a +3 spear.
The gnoll hits you with a +0 flail!
1626 ||| READING scroll of teleportation.
As you read the scroll of teleportation, it crumbles to dust.
You feel strangely unstable. The gnoll closely misses you. x2
You shoot an arrow. The arrow hits the gnoll.
The gnoll is heavily wounded.
The gnoll misses you.
The gnoll hits you from afar with a +3 spear!
You die...

#.##...#
########'##
#.##...#
#....##....
#<######
#######....##..##
#.#
#..........##....
#..
#.#####....##...#
### #.# #....##...#
#.# ##.####...#
###.# #.# #...#
######## #.@.# #.#
#...# .[......
#g########'####....
#######.
#g............#..##
##
#....###......#....
.# ##.#g
#........... .#
g#.# #...........
.# .# #
#........... .# g#
#......##.## ##
#......#..#


You could see 2 gnolls.

Vanquished Creatures
  2 adders (D:2)
  A gnoll (D:3)
  A worm (D:2)
  A dart slug (D:2)
  9 ball pythons
  7 endoplasms
  A giant cockroach (D:1)
  5 goblins
  2 hobgoblins
  10 jackals
  2 quokkas
  2 bats (D:1)
  4 frilled lizards
  5 kobolds
  5 rats
57 creatures vanquished.

Notes
Turn   | Place    | Note
-------+----------+-------------------------------------------
     0 | D:1      | qw the Deep Elf Hunter began the quest for the Orb.
     0 | D:1      | Reached XP level 1. HP: 12/12 MP: 3/3
     0 | D:1      | 0 ||| qw: Version: 0.3-a-9-g12657ce
     0 | D:1      | 0 ||| qw: Game counter: 4592
     0 | D:1      | 0 ||| qw: Always use a shield: true
     0 | D:1      | 0 ||| qw: God list: Okawaru
     0 | D:1      | 0 ||| qw: Allow faded altars: false
     0 | D:1      | 0 ||| qw: Do Orc after D:15 true
     0 | D:1      | 0 ||| qw: Do second Lair branch before Depths: true
     0 | D:1      | 0 ||| qw: Lair rune preference: random
     0 | D:1      | 0 ||| qw: Plans: Normal
     0 | D:1      | 0 ||| PLANNING D:1-11
   144 | D:1      | Reached XP level 2. HP: 16/16 MP: 4/4
   145 | D:1      | Reached skill level 6 in Ranged Weapons
   678 | D:1      | 678 ||| READING scroll labelled NESHRES UTTORAO.
   679 | D:1      | 679 ||| READING scroll labelled XIRUUP EVEJA.
   683 | D:1      | 683 ||| READING scroll labelled KISACZIMNI.
   684 | D:1      | 684 ||| DROPPING scroll of butterflies.
   722 | D:2      | Reached XP level 3. HP: 20/20 MP: 5/5
   821 | D:2      | Reached skill level 7 in Ranged Weapons
   879 | D:2      | Found a faded altar of an unknown god.
   972 | D:2      | Reached XP level 4. HP: 19/25 MP: 6/6
  1250 | D:2      | 1250 ||| UPGRADING to +0 ring mail.
  1260 | D:2      | 1260 ||| DROPPING +0 leather armour.
  1261 | D:2      | 1261 ||| UPGRADING to +0 cloak.
  1266 | D:2      | 1266 ||| DRINKING 3 fizzy cyan potions.
  1424 | D:3      | Found a stormy altar of Qazlal.
  1450 | D:3      | Found a bloodstained altar of Trog.
  1622 | D:3      | 1622 ||| Stepping ~*~*~tactically~*~*~ (outnumbered).
  1625 | D:3      | HP: 6/25 [gnoll/+0 flail (8)]
  1626 | D:3      | 1626 ||| READING scroll of teleportation.
  1627 | D:3      | Slain by a gnoll

Levels and vault maps discovered:
D:1:      amcnicky_arrival_flooded_fountain, layout_loops_ring,
          grunt_decor_junction
D:2:      layout_basic, shapermc_ecumenical_altar_gd
D:3:      layout_basic, grunt_temple_overflow_order_and_chaos_1,
          nicolae_uskayaw_en_pointe, mainiacjoe_overflow_two_lobes,
          minmay_misc_feat_pillars

Skill      XL: |  1  2  3 |
---------------+----------+-----
Ranged Weapons | 6 7 |  7.8
Fighting       | |  1.5
Dodging        | |  2.4
Stealth        | |  1.2

Action                     |  1- 3 |  4- 6 || total
---------------------------+-------+-------++-------
   Fire: Shortbow          |    95 |    36 ||   131
    Use: Scroll            |     3 |     1 ||     4
         Potion            |       |     1 ||     1
 Armour: Leather armour    |     6 |     2 ||     8
         Ring mail         |       |     8 ||     8
  Dodge: Dodged            |    13 |    13 ||    26

Table legend:
 A = Non-vault XP
 B = Vault XP
 C = Vault XP percentage of total XP
 D = Non-vault monster count
 E = Vault monster count
 F = Vault count percentage of total count
                 A         B        C        D         E       F
            +---------+---------+-------+---------+---------+-------
      Total |     133 |       0 |   0.0 |      57 |       0 |   0.0
            +---------+---------+-------+---------+---------+-------
        D:1 |      40 |       0 |   0.0 |      26 |       0 |   0.0
        D:2 |      64 |       0 |   0.0 |      21 |       0 |   0.0
        D:3 |      29 |       0 |   0.0 |      10 |       0 |   0.0
            +---------+---------+-------+---------+---------+-------
